 Dungeon Crawl Stone Soup version 0.21.1-1-g345015fe64 (webtiles) character file.

352 PikkenKukken the Charmwright (level 6, -8/51 HPs)
             Began as a Gnoll Skald on June 26, 2018.
             Was an Initiate of Makhleb.
             Killed by divine providence
             ... invoked by an orc priest
              (16 damage)
             ... on level 5 of the Dungeon.
             The game lasted 00:11:45 (4859 turns).

PikkenKukken the Charmwright (Gnoll Skald)          Turns: 4859, Time: 00:11:46

Health: -8/51      AC:  4    Str: 15    XL:     6   Next: 62%
Magic:  10/14      EV: 14    Int: 16    God:    Makhleb [......]
Gold:   253        SH:  5    Dex: 14    Spells: 10/15 levels left

rFire    . . .     SeeInvis .   C - -2 flail (curse)
rCold    . . .     Gourm    .   g - +1 buckler
rNeg     . . .     Faith    .   r - +0 leather armour
rPois    .         Spirit   .   u - +0 helmet
rElec    .         Reflect  .   (no cloak)
rCorr    .         Harm     .   (no gloves)
MR       .....                  (no boots)
Stlth    ++........             (no amulet)
HPRegen  0.17/turn              (no ring)
MPRegen  0.14/turn              (no ring)

@: no status effects
A: distributed training, fangs 1, strong nose
a: Renounce Religion


You were on level 5 of the Dungeon.
You worshipped Makhleb.
Makhleb was noncommittal.
You were hungry.

You visited 1 branch of the dungeon, and saw 5 of its levels.

You collected 253 gold pieces.

Inventory:

Hand Weapons
 a - a +0 hand axe
 b - a +2 hunting sling of flaming
 C - a cursed -2 flail (weapon)
Missiles
 l - 24 bolts
 x - 24 sling bullets
 y - 32 arrows
Armour
 g - a +1 buckler (worn)
 r - a +0 leather armour (worn)
 u - a +0 helmet (worn)
 B - a +1 ring mail of cold resistance
Jewellery
 n - a +3 ring of evasion {unknown}
 v - a +5 ring of protection {unknown}
Wands
 p - a wand of flame (42)
 s - a wand of polymorph (10)
 A - a wand of digging (8)
Scrolls
 h - 2 scrolls of magic mapping
 i - 3 scrolls of enchant armour
 o - 2 scrolls of teleportation
 w - a scroll of identify
Potions
 e - a potion of lignification
 f - a potion of brilliance
 j - 2 potions of degeneration {unknown}
 k - 2 potions of might
 q - 2 potions of invisibility {unknown}
 t - a potion of ambrosia {unknown}
 z - a potion of cancellation {unknown}
Books
 c - a book of Battle

   Spells                             Type                      Level
   a - Infusion                       Charms                       1
   b - Shroud of Golubria             Charms/Translocation         2
   c - Song of Slaying                Charms                       2
   d - Spectral Weapon                Hexes/Charms                 3
   e - Regeneration                   Charms/Necromancy            3
 m - a book of Changes

   Spells                             Type                      Level
   a - Beastly Appendage              Transmutation                1
   b - Sticks to Snakes               Transmutation                2
   c - Spider Form                    Transmutation/Poison         3
   d - Ice Form                       Ice/Transmutation            4
   e - Blade Hands                    Transmutation                5
Comestibles
 d - 4 rations
 D - a chunk of flesh


   Skills:
 + Level 5.0 Fighting
 + Level 2.0 Short Blades
 + Level 2.0 Long Blades
 + Level 5.0 Axes
 + Level 2.0 Maces & Flails
 + Level 2.0 Polearms
 + Level 2.0 Staves
 + Level 2.0 Slings
 + Level 2.0 Bows
 + Level 2.0 Crossbows
 + Level 2.0 Throwing
 + Level 3.2 Armour
 + Level 5.0 Dodging
 + Level 2.0 Stealth
 + Level 2.0 Shields
 + Level 2.0 Unarmed Combat
 + Level 5.4 Spellcasting
 + Level 1.5 Conjurations
 + Level 1.5 Hexes
 + Level 5.6 Charms
 + Level 1.5 Summonings
 + Level 1.5 Necromancy
 + Level 1.5 Translocations
 + Level 1.5 Transmutations
 + Level 1.5 Fire Magic
 + Level 1.5 Ice Magic
 + Level 1.5 Air Magic
 + Level 1.5 Earth Magic
 + Level 1.5 Poison Magic
 + Level 2.2 Invocations
 + Level 2.0 Evocations


You had 10 spell levels left.
You knew the following spells:

 Your Spells              Type           Power        Failure   Level  Hunger
a - Infusion              Chrm           ###.         2%          1    None
b - Song of Slaying       Chrm           ###.....     3%          2    #......
c - Sticks to Snakes      Tmut           #.......     19%         2    #......


Dungeon Overview and Level Annotations

Branches:
Dungeon (5/15)
 Temple: D:4-7

Altars:
Cheibriados
Gozag
Makhleb
Nemelex Xobeh
Trog
Xom
Zin


Innate Abilities, Weirdness & Mutations

Your experience applies equally to all skills.
You have very sharp teeth.
Your uncanny sense of smell can sniff out nearby items.


Message History

The orc wizard hits you with a dagger.
* * * LOW HITPOINT WARNING * * *
The orc wizard hits you but does no damage.
The orc closely misses you.
Unknown command.
You closely miss the orc wizard. Your bite misses the orc wizard.
The orc wizard is lightly wounded.
The orc wizard closely misses you.
The orc wizard hits you but does no damage.
The orc closely misses you.
Unknown command.
You closely miss the orc wizard.
The orc wizard is lightly wounded.
The orc wizard barely misses you.
The orc hits you from afar with a halberd.
* * * LOW HITPOINT WARNING * * *
The orc wizard closely misses you.
The orc priest calls down the wrath of Beogh upon you.
Beogh smites you!
You die...

### ############ #..
..#.....<.# #.#
#.#.#####.# # # ..#
#.#.#####.# ##.#.##o#
#......##.# ........#
#.#.##.##.#
#.#..#.#####.#.......#
#.......ooo@.###.#####
.........#o######)####
...≈≈≈.....# #......#
...≈≈≈..#### #.#.##.#
#..≈≈≈... #.#.##.#
#..≈≈≈... #.#.##^#
#...8.... #.#.##.#
##........ #.#.##.#
#...... #......#


You could see an orc priest, an orc wizard and 2 orcs.

Vanquished Creatures
  2 hounds
  2 orc wizards (D:4)
  2 iguanas
  4 adders
  2 oozes
  3 worms (D:2)
  4 dart slugs
  A leopard gecko (D:3)
  15 orcs
  2 ball pythons
  12 bats
  7 giant cockroaches
  7 goblins
  8 hobgoblins
  13 jackals
  5 kobolds
  A quokka (D:4)
  5 frilled lizards
  13 rats
108 creatures vanquished.

Notes
Turn   | Place    | Note
-------+----------+-------------------------------------------
     0 | D:1      | PikkenKukken the Gnoll Skald began the quest for the Orb.
     0 | D:1      | Reached XP level 1. HP: 20/20 MP: 6/6
   208 | D:1      | Reached XP level 2. HP: 24/26 MP: 7/7
   598 | D:1      | Reached XP level 3. HP: 30/31 MP: 9/9
   719 | D:1      | Reached skill level 5 in Spellcasting
  1093 | D:2      | Reached skill level 1 in Invocations
  1300 | D:2      | Learned a level 2 spell: Song of Slaying
  1648 | D:2      | Reached skill level 1 in Short Blades
  1648 | D:2      | Reached skill level 1 in Long Blades
  1648 | D:2      | Reached skill level 1 in Maces & Flails
  1648 | D:2      | Reached skill level 1 in Polearms
  1648 | D:2      | Reached skill level 1 in Staves
  1648 | D:2      | Reached skill level 1 in Slings
  1648 | D:2      | Reached skill level 1 in Bows
  1648 | D:2      | Reached skill level 1 in Crossbows
  1648 | D:2      | Reached skill level 1 in Throwing
  1648 | D:2      | Reached skill level 1 in Stealth
  1648 | D:2      | Reached skill level 1 in Shields
  1648 | D:2      | Reached skill level 1 in Unarmed Combat
  1648 | D:2      | Reached skill level 1 in Evocations
  1660 | D:2      | Noticed a moth of wrath
  1663 | D:2      | Found a bloodstained altar of Trog.
  1848 | D:2      | Reached XP level 4. HP: 37/38 MP: 11/11
  2478 | D:3      | Reached skill level 1 in Conjurations
  2478 | D:3      | Reached skill level 1 in Hexes
  2478 | D:3      | Reached skill level 1 in Summonings
  2478 | D:3      | Reached skill level 1 in Necromancy
  2478 | D:3      | Reached skill level 1 in Translocations
  2478 | D:3      | Reached skill level 1 in Transmutations
  2478 | D:3      | Reached skill level 1 in Fire Magic
  2478 | D:3      | Reached skill level 1 in Ice Magic
  2478 | D:3      | Reached skill level 1 in Air Magic
  2478 | D:3      | Reached skill level 1 in Earth Magic
  2478 | D:3      | Reached skill level 1 in Poison Magic
  2612 | D:3      | Reached XP level 5. HP: 37/43 MP: 12/12
  2900 | D:3      | Found an opulent altar of Gozag.
  2903 | D:3      | Found a snail-covered altar of Cheibriados.
  2905 | D:3      | Found a sparkling altar of Nemelex Xobeh.
  3032 | D:3      | Found a shimmering altar of Xom.
  3033 | D:3      | Found a glowing silver altar of Zin.
  3453 | D:4      | Learned a level 2 spell: Sticks to Snakes
  4046 | D:4      | Reached XP level 6. HP: 12/50 MP: 0/13
  4048 | D:4      | HP: 2/50 [orc/dagger (1)]
  4398 | D:4      | Found a burning altar of Makhleb.
  4405 | D:4      | Became a worshipper of Makhleb the Destroyer
  4650 | D:5      | Entered Level 5 of the Dungeon
  4663 | D:5      | Reached skill level 5 in Fighting
  4663 | D:5      | Reached skill level 5 in Axes
  4663 | D:5      | Reached skill level 5 in Dodging
  4859 | D:5      | Killed from afar by an orc priest

Skill      XL: |  1  2  3  4  5  6 |
---------------+-------------------+-----
Spellcasting   | 5 |  5.4
Invocations    | 1 2 |  2.2
Short Blades   | 1 2 |  2.0
Long Blades    | 1 2 |  2.0
Maces & Flails | 1 2 |  2.0
Polearms       | 1 2 |  2.0
Staves         | 1 2 |  2.0
Slings         | 1 2 |  2.0
Bows           | 1 2 |  2.0
Crossbows      | 1 2 |  2.0
Throwing       | 1 2 |  2.0
Stealth        | 1 2 |  2.0
Shields        | 1 2 |  2.0
Unarmed Combat | 1 2 |  2.0
Evocations     | 1 2 |  2.0
Conjurations   | 1 |  1.5
Hexes          | 1 |  1.5
Summonings     | 1 |  1.5
Necromancy     | 1 |  1.5
Translocations | 1 |  1.5
Transmutations | 1 |  1.5
Fire Magic     | 1 |  1.5
Ice Magic      | 1 |  1.5
Air Magic      | 1 |  1.5
Earth Magic    | 1 |  1.5
Poison Magic   | 1 |  1.5
Armour         | 3 |  3.2
Fighting       | 5 |  5.0
Axes           | 5 |  5.0
Dodging        | 5 |  5.0
Charms         | |  5.6

Action                   |  1- 3 |  4- 6 || total
-------------------------+-------+-------++-------
Melee: Hand axe          |   151 |   183 ||   334
       Bite              |    17 |    17 ||    34
       Flail             |       |    55 ||    55
 Cast: Infusion          |     2 |     7 ||     9
       Song of Slaying   |       |     4 ||     4
  Use: Scroll            |     9 |     3 ||    12
 Stab: Sleeping          |     3 |     1 ||     4
  Eat: Chunk             |     3 |     6 ||     9
       Ration            |       |     1 ||     1
Armor: Leather armour    |    35 |    54 ||    89
Dodge: Dodged            |   105 |   153 ||   258
Block: Buckler           |    36 |    70 ||   106
